 Dungeon Sprint DCSS version 0.17.2-1-ge4368a0 (webtiles) character file.

389 mopl the Covert (level 6, -4/30 HPs)
             Began as a Spriggan Assassin on Aug 23, 2016.
             Was an Elder of Trog.
             Slain by an angel
             ... wielding a +2 sacred scourge of holy wrath
              (9 damage)
             ... in the Dungeon (Sprint VII: "The Pits").
             The game lasted 00:01:39 (526 turns).

mopl the Covert (Spriggan Assassin)                  Turns: 526, Time: 00:01:40

Health: -4/30      AC:  3    Str:  7    XL:     6   Next: 49%
Magic:  7/7        EV: 17    Int: 13    God:    Trog [****..]
Gold:   0          SH:  0    Dex: 19    Spells: 0 memorised, 5 levels left

rFire  . . .     SeeInvis +     a - +0 dagger (drain)
rCold  . . .     Clarity  .     c - +0 robe
rNeg   . . .     SustAt   .     (shield restricted)
rPois  .         Gourm    .     (helmet restricted)
rElec  .         Spirit   .     d - +0 cloak
rCorr  .         Warding  .     (gloves unavailable)
rMut   .         NoTele   +     (boots unavailable)
MR     +....                    (no amulet)
Stlth  +++.......               (no ring)
                                (no ring)

@: glowing, very quick, somewhat resistant to hostile enchantments, fairly
stealthy
A: unfitting armour, see invisible, herbivore 3, speed 3, slow metabolism 2
a: Berserk, Trog's Hand, Brothers in Arms, Burn Spellbooks, Renounce Religion


You were in the Dungeon.
You worshipped Trog.
Trog was greatly pleased with you.
You were not hungry.

You visited 1 branch

Inventory:

Hand Weapons
 a - a +0 dagger of draining (weapon)
 b - a +0 blowgun
 s - a +1 long sword of flaming
Missiles
 e - 8 poisoned needles
 f - 2 curare-tipped needles
Armour
 c - a +0 robe (worn)
 d - a +0 cloak (worn)
Scrolls
 m - a scroll of blinking
 p - 3 scrolls of remove curse
 q - a scroll of summoning
 r - 2 scrolls of vulnerability
Potions
 h - 6 potions of curing
 i - 6 potions of heal wounds
 j - a potion of haste
 k - 4 potions of magic
 l - 3 potions of berserk rage {!q}
 o - 2 potions of invisibility
Comestibles
 g - 8 bread rations
 n - 40 fruits


   Skills:
 - Level 1.5 Fighting
 - Level 2.1 Short Blades
 * Level 11.5 Throwing
 - Level 1.5 Dodging
 + Level 13.3 Stealth


You had 5 spell levels left.
You didn't know any spells.

Dungeon Overview and Level Annotations

Branches:
Dungeon (1/1)

Altars:
Ashenzari
Cheibriados
Dithmenos
Elyvilon
Fedhas
Gozag
Kikubaaqudgha
Makhleb
Nemelex Xobeh
Okawaru
Qazlal
Ru
Sif Muna
Trog
Vehumet
Xom
Yredelemnul
Zin
The Shining One
Beogh
Jiyva
Lugonu

Annotations:
D Menkaure


Innate Abilities, Weirdness & Mutations

You are tiny and cannot use many weapons and most armour.
You have supernaturally acute eyesight.
You are a herbivore.
You cover ground extremely quickly.
You need consume almost no food.


Message History

A hill giant comes into view. It is wielding a giant club.
There is a huge open gate here.
A centaur warrior comes into view.
The centaur warrior shouts!
The centaur warrior wields a shortbow.
The centaur warrior shoots an arrow.
The arrow closely misses you.
The hill giant shouts!
You see here an arrow.
The centaur warrior unwields an uncursed shortbow.
The centaur warrior hits you. The hill giant closely misses you.
You hit the hill giant. You drain the hill giant!
The hill giant is lightly wounded.
The centaur warrior misses you.
You hit the hill giant.
The hill giant is lightly wounded.
The centaur warrior hits you! The hill giant completely misses you.
The angel hits you with a sacred scourge of holy wrath.
* * * LOW HITPOINT WARNING * * *
The angel hits you with a sacred scourge of holy wrath!
You die...

........... ...........
##''######
##''##########
.........##..#
..#......##..#
.........''..#
.........''..##########.
..#......##..s(A@C......
.........##......c......
##++####################
# # # # # #


You could see an angel, a hill giant, a centaur warrior and a redback.

Vanquished Creatures
  A merfolk (D)
  An eye of draining (D)
  A wight (D)
  3 gnolls (D)
  A giant eyeball (D)
  2 ufetubi (D)
  An adder skeleton (D)
  A giant gecko (D)
  A goblin (D)
  2 quokkas (D)
  A giant newt (D)
15 creatures vanquished.

Notes
Turn   | Place    | Note
--------------------------------------------------------------
     0 | D        | mopl the Spriggan Assassin began the quest for the Orb.
     0 | D        | Reached XP level 1. HP: 10/10 MP: 2/2
    11 | D        | Reached skill level 3 in Throwing
    11 | D        | Reached skill level 6 in Stealth
    19 | D        | Found a sacrificial altar of Ru.
    19 | D        | Found a basalt altar of Yredelemnul.
    19 | D        | Found a shadowy altar of Dithmenos.
    19 | D        | Found a deep blue altar of Sif Muna.
    19 | D        | Found a burning altar of Makhleb.
    19 | D        | Found a shimmering altar of Xom.
    19 | D        | Found an ancient bone altar of Kikubaaqudgha.
    19 | D        | Found a sparkling altar of Nemelex Xobeh.
    20 | D        | Found a glowing golden altar of the Shining One.
    20 | D        | Found a bloodstained altar of Trog.
    20 | D        | Found a shattered altar of Ashenzari.
    20 | D        | Found a white marble altar of Elyvilon.
    20 | D        | Found a snail-covered altar of Cheibriados.
    20 | D        | Found a blossoming altar of Fedhas.
    20 | D        | Found a radiant altar of Vehumet.
    20 | D        | Found a glowing silver altar of Zin.
    20 | D        | Found a corrupted altar of Lugonu.
    20 | D        | Found a viscous altar of Jiyva.
    20 | D        | Found a roughly hewn altar of Beogh.
    20 | D        | Found an iron altar of Okawaru.
    23 | D        | Became a worshipper of Trog the Wrathful
    26 | D        | Found a stormy altar of Qazlal.
    26 | D        | Found an opulent altar of Gozag.
    55 | D        | Reached XP level 2. HP: 14/14 MP: 3/3
    60 | D        | Reached * piety under Trog
    60 | D        | Reached skill level 4 in Throwing
    60 | D        | Reached skill level 7 in Stealth
    65 | D        | Reached ** piety under Trog
    75 | D        | Paralysed by a giant eyeball for 2 turns
    83 | D        | Reached skill level 5 in Throwing
    83 | D        | Reached XP level 3. HP: 6/18 MP: 4/4
   309 | D        | Reached skill level 8 in Stealth
   314 | D        | Reached *** piety under Trog
   391 | D        | Noticed Menkaure
   392 | D        | Noticed a wight
   392 | D        | Noticed a wight
   392 | D        | Noticed a wight
   392 | D        | Noticed a wight
   392 | D        | Noticed a gnoll sergeant
   392 | D        | Noticed a porcupine
   409 | D        | Killed a wight
   409 | D        | Reached skill level 7 in Throwing
   409 | D        | Reached skill level 9 in Stealth
   409 | D        | Reached XP level 4. HP: 22/22 MP: 5/5
   476 | D        | Noticed a merfolk
   476 | D        | Noticed an angel
   476 | D        | Noticed a harpy
   476 | D        | Noticed a neqoxec
   477 | D        | Noticed an eye of draining
   477 | D        | Noticed a wind drake
   478 | D        | Killed a merfolk
   478 | D        | Reached skill level 10 in Throwing
   478 | D        | Reached skill level 12 in Stealth
   478 | D        | Reached XP level 5. HP: 25/25 MP: 6/6
   478 | D        | Reached XP level 6. HP: 30/30 MP: 7/7
   479 | D        | Killed an eye of draining
   479 | D        | Reached **** piety under Trog
   479 | D        | Reached skill level 11 in Throwing
   479 | D        | Reached skill level 13 in Stealth
   480 | D        | Noticed a redback
   481 | D        | Noticed a vampire mosquito
   518 | D        | Noticed a hill giant
   519 | D        | Noticed a centaur warrior
   526 | D        | Slain by an angel

Action                   |  1- 3 |  4- 6 || total
-------------------------+-------+-------++-------
Melee: Dagger            |    18 |     9 ||    27
Invok: Berserk           |     2 |       ||     2
 Stab: Sleeping          |     7 |     2 ||     9
       Distracted        |     1 |       ||     1
